Map: Cactus Valley LE (Void)

Players

Javert - Winner!

  • Race: Zerg Zerg
  • League: Grandmaster

NotoriousCHZ

  • Race: Zerg Zerg
  • League: Grandmaster

VOD

Have the link to the VOD?

Description

Time

  • Played on: June 22, 2015, 12:30 a.m.
  • Length: 6:59
Show
View Real Time Build Order
Export as new Build Order

Javert Zerg - Winner!

Build Orders: Hatch First 

Get SALT Encoding   

  12  0:01  Drone  
  13  0:13  Overlord  
  13  0:20  Drone  
  14  0:32  Drone x2  
  16  0:51  Hatchery  
  16  0:52  Drone  
  16  0:57  Extractor  
  16  1:00  Drone  
  16  1:01  Drone  
  17  1:17  Spawning Pool  
  16  1:19  Drone  
  16  1:23  Drone  
  18  1:30  Drone  
  19  1:41  Drone  
  20  1:57  Drone  
  21  2:04  Queen  
  21  2:05  Metabolic Boost  
  21  2:06  Queen  
  21  2:08  Overlord  
  25  2:13  Zergling x2  
  25  2:14  Zergling x2  
  27  2:19  Zergling x2  
  28  2:28  Drone  
  28  2:29  Drone  
  30  2:35  Drone  
  31  2:40  Drone  
  32  2:45  Drone  
  32  2:47  Overlord  
  33  3:03  Drone x2  
  32  3:21  Zergling x20  
  32  3:26  Baneling Nest  
  41  3:31  Zergling x4  
  43  3:44  Overlord  
  34  4:04  Drone x3  
  34  4:05  Drone x5  
  42  4:18  Hatchery  
  41  4:25  Zergling x10  
  43  4:54  Roach Warren, Baneling x5  
  43  4:55  Evolution Chamber  
  43  4:59  Drone  
  42  5:06  Overlord  
  42  5:07  Drone x2  
  42  5:10  Extractor  
  43  5:17  Evolution Chamber  
  42  5:22  Drone x4  
  46  5:46  Roach  
  46  5:47  Roach x9  
  66  6:00  Overlord x2  
  61  6:32  Extractor  
  61  6:33  Roach x7, Extractor  
Show
View Real Time Build Order
Export as new Build Order

NotoriousCHZ Zerg 

Build Orders: Hatch First, Zergling Baneling 

Get SALT Encoding   

  12  0:01  Drone  
  13  0:09  Drone  
  14  0:16  Drone, Extractor  
  15  0:26  Overlord  
  15  0:47  Hatchery  
  15  0:49  Drone  
  15  0:54  Drone  
  16  0:57  Extractor  
  16  0:59  Drone  
  16  1:16  Spawning Pool  
  16  1:17  Drone  
  16  1:23  Drone  
  16  1:24  Drone  
  18  1:33  Overlord  
  18  1:51  Drone  
  20  1:54  Drone  
  20  2:03  Metabolic Boost  
  20  2:04  Queen  
  22  2:10  Queen  
  22  2:13  Drone  
  25  2:25  Drone  
  25  2:28  Drone  
  25  2:29  Spine Crawler  
  26  2:38  Drone  
  26  2:40  Drone  
  28  2:45  Baneling Nest  
  28  2:46  Overlord  
  27  3:03  Zergling x2  
  27  3:04  Zergling x10  
  30  3:20  Queen  
  30  3:24  Zergling x6  
  35  3:37  Overlord  
  35  3:43  Baneling x3  
  35  3:45  Zergling x4  
  35  3:46  Zergling x2  
  29  4:07  Zergling x2  
  29  4:08  Zergling x16  
  38  4:13  Drone  
  38  4:14  Drone  
  40  4:21  Baneling  
  40  4:22  Baneling  
  40  4:32  Drone x2  
  42  4:48  Baneling x3  
  42  4:49  Drone x2  
  42  4:50  Overlord x3, Drone x3  
  47  5:06  Drone  
  48  5:07  Drone x4  
  48  5:11  Extractor  
  50  5:14  Baneling x2  
  50  5:27  Roach Warren  
  49  5:47  Drone x10  
  57  6:05  Drone  
  57  6:06  Drone x5  
Tags
 
Add a new tag
Caveats
  • Supply blocks, unpowered buildings, or Contaminate may cause inaccurate times.
  • Supply counts are checked every 10 seconds.